AoeStats
← | ArCas | Toruk Makto

Arena

509494071Analyzed
4v4 RM · 4d ago on Sep 27, 2026· 68m 29s· 8 players
Game mode
Random Map
Map size
Large (8 player)
Population
200
Speed
Normal
Resources
Standard
Victory
Conquest
Starting age
Dark Age
Ending age
Imperial Age
RankedLock teamsTeams togetherTeam positionsShared explorationLock speedFull tech treeHidden civsTurbo modeCheats
Victory
Defeat
🇨🇱 Varangians · Chile
1410
+11
🇺🇸 Franks · United States
1371
+12
🇦🇷 Malay · Argentina
1310
+15
🇮🇪 Saxons · Ireland
1289
+16
🇮🇹 Saracens · Italy
1417
-19
🇮🇹 Goths · Italy
1285
-13
🇩🇪 Slavs · Germany
1250
-12
🇹🇼 Poles · Taiwan
1209
-10
| ArCas | Toruk Makto
11:46 Feudal Age
15:41 Castle Age
13:31 Double-Bit Axe
13:29 Horse Collar
14:29 Loom
24:55 Imperial Age
23:58 Squires
23:54 Fletching
25:22 Wheelbarrow
28:42 Gold Mining
31:51 Padded Archer Armor
35:06 Bodkin Arrow
35:14 Crossbowman
48:06 Man-at-Arms
48:32 Arson
48:52 Long Swordsman
48:52 Pikeman
51:00 Forging
50:13 Two-Handed Swordsman
51:16 Town Watch
51:47 Hand Cart
58:18 Gold Shaft Mining
58:45 Iron Casting
58:46 Halberdier
62:13 Bow Saw
65:50 Stone Mining
Lexi ní Anord
11:32 Feudal Age
12:27 Double-Bit Axe
12:25 Horse Collar
15:51 Castle Age
16:39 Heavy Plow
16:50 Bow Saw
18:09 Wheelbarrow
18:30 Heavy Plow
19:43 Loom
26:57 Hand Cart
26:44 Treadmill Crane
27:15 Stone Mining
30:08 Imperial Age
27:03 Pikeman
28:18 Scale Mail Armor
28:31 Squires
28:17 Arson
28:48 Gambesons
29:19 Chain Mail Armor
29:26 Fletching
30:06 Gold Mining
30:10 Shield Wall
31:21 Plate Mail Armor
30:24 Halberdier
32:45 Two-Man Saw
32:35 Crop Rotation
32:42 Conscription
33:13 Gold Shaft Mining
32:55 Forging
32:19 Capped Ram
34:18 Iron Casting
33:38 Bodkin Arrow
34:21 Hoardings
33:59 Masonry
35:14 Chemistry
34:51 Town Watch
34:55 Elite Hearth Troop
37:11 Siege Engineers
38:50 Architecture
38:29 Bracer
38:07 Siege Ram
40:34 Padded Archer Armor
43:20 Guilds
44:00 Murder Holes
44:25 Ballistics
44:55 Elite Varangian Guard
46:37 Onager
49:01 Caravan
49:47 Leather Archer Armor
54:36 Town Patrol
55:35 Coinage
58:39 Banking
Bi Hez
11:00 Feudal Age
14:34 Castle Age
12:38 Double-Bit Axe
13:04 Horse Collar
27:24 Imperial Age
25:33 Scale Barding Armor
25:39 Loom
26:30 Wheelbarrow
25:54 Gold Mining
26:16 Forging
27:48 Chain Barding Armor
28:01 Bloodlines
28:01 Husbandry
27:42 Cavalier
28:42 Hand Cart
29:28 Plate Barding Armor
32:20 Bow Saw
32:13 Heavy Plow
32:59 Iron Casting
35:02 Blast Furnace
35:08 Vendel Legacy
37:06 Conscription
38:36 Light Cavalry
38:42 Light Cavalry
bkg45
10:57 Feudal Age
14:28 Castle Age
12:14 Double-Bit Axe
15:23 Bow Saw
22:21 Wheelbarrow
22:19 Gold Mining
22:20 Stone Mining
23:39 Hand Cart
24:50 Gold Shaft Mining
24:39 Loom
25:48 Scale Mail Armor
25:58 Forging
28:34 Imperial Age
27:03 Chain Mail Armor
28:08 Iron Casting
29:41 Conscription
28:45 Elite Throwing Axeman
30:02 Plate Mail Armor
30:32 Blast Furnace
30:38 Chemistry
30:38 Hoardings
31:35 Town Watch
33:55 Ballistics
33:26 Fletching
36:28 Coinage
37:43 Banking
39:06 Bodkin Arrow
43:42 Scale Barding Armor
44:10 Chivalry
44:48 Chain Barding Armor
44:30 Cavalier
45:10 Husbandry
46:16 Plate Barding Armor
45:32 Paladin
52:00 Light Cavalry
53:55 Caravan
68:28 Fortified Wall
68:29 Masonry
68:25 Siege Engineers
MLT | Bombad Gastald
6:05 Loom
11:06 Feudal Age
12:04 Feudal Age
15:47 Castle Age
14:09 Double-Bit Axe
14:07 Horse Collar
14:32 Man-at-Arms
17:54 Long Swordsman
23:06 Scale Mail Armor
23:09 Squires
25:06 Forging
29:12 Chain Mail Armor
31:34 Pikeman
35:56 Heavy Plow
47:17 Gold Mining
53:08 Coinage
55:53 Imperial Age
54:34 Iron Casting
56:07 Halberdier
56:07 Two-Handed Swordsman
58:11 Blast Furnace
57:20 Champion
57:42 Capped Ram
58:36 Bow Saw
59:05 Wheelbarrow
60:29 Crop Rotation
60:47 Conscription
61:46 Guilds
63:26 Perfusion
Der unglaubliche Horst™
10:47 Feudal Age
12:30 Double-Bit Axe
14:46 Castle Age
13:03 Horse Collar
17:59 Loom
24:23 Wheelbarrow
25:45 Hand Cart
26:20 Bow Saw
30:39 Imperial Age
28:16 Scale Barding Armor
28:23 Bloodlines
28:13 Husbandry
28:25 Forging
29:51 Chain Barding Armor
29:59 Heavy Plow
29:52 Gold Mining
30:28 Detinets
32:56 Elite Boyar
33:59 Capped Ram
35:43 Plate Barding Armor
35:43 Iron Casting
36:13 Siege Ram
38:12 Conscription
39:43 Blast Furnace
39:30 Gold Shaft Mining
42:47 Onager
44:14 Man-at-Arms
44:55 Scale Mail Armor
44:56 Long Swordsman
45:37 Squires
46:00 Chain Mail Armor
45:34 Two-Handed Swordsman
49:52 Siege Onager
51:04 Pikeman
51:36 Halberdier
53:53 Druzhina
55:01 Plate Mail Armor
58:38 Caravan
HSL | LuxRay
11:35 Feudal Age
12:33 Double-Bit Axe
15:20 Castle Age
13:10 Horse Collar
16:44 Bow Saw
16:36 Heavy Plow
17:35 Wheelbarrow
22:41 Hand Cart
22:13 Loom
24:35 Stone Mining
24:35 Gold Mining
28:05 Imperial Age
26:18 Scale Barding Armor
26:42 Forging
27:33 Gold Shaft Mining
28:34 Chain Barding Armor
30:15 Husbandry
30:26 Bloodlines
30:52 Plate Barding Armor
29:41 Elite Mameluke
31:57 Chemistry
31:08 Light Cavalry
32:24 Iron Casting
33:30 Masonry
33:57 Hoardings
35:06 Onager
36:43 Caravan
37:14 Coinage
37:13 Counterweights
37:23 Conscription
37:58 Siege Engineers
40:55 Fortified Wall
40:41 Murder Holes
40:48 Fletching
40:34 Hussar
42:15 Blast Furnace
40:53 Crossbowman
43:33 Two-Man Saw
42:31 Arbalester
43:18 Thumb Ring
43:48 Bodkin Arrow
44:29 Bracer
44:34 Padded Archer Armor
50:59 Heavy Camel Rider
萊姆王帥帥毛
1:43 Loom
11:26 Feudal Age
12:04 Double-Bit Axe
12:03 Horse Collar
13:47 Forging
18:53 Gold Mining
19:47 Bloodlines
25:03 Castle Age
25:08 Light Cavalry
25:49 Husbandry
26:09 Scale Barding Armor
27:08 Bow Saw
27:25 Chain Barding Armor
28:27 Stone Mining
31:17 Wheelbarrow
31:55 Heavy Plow
35:23 Fletching
38:34 Imperial Age
54:51 Crop Rotation
55:02 Lechitic Legacy
55:02 Conscription
55:18 Hoardings
55:59 Iron Casting
56:22 Winged Hussar
61:26 Bodkin Arrow
62:31 Blast Furnace
Connection lost

Rejoining the realm…

Still unreachable

The connection could not be restored.

Session expired

The server has moved on; the page needs a fresh start.